[Event "Saturday Night Engine Tour 7 Rd Swiss 12m+1s Starts at 2200hrs ST"]
[Site "Infinity Chess"]
[Date "2018.1.6"]
[Round "4"]
[White "Thinker"]
[Black "Vimtiroba"]
[Result "1/2-1/2 "]
[ECO "C50"]
[WhiteElo "2443"]
[BlackElo "2447"]
[WhiteEngine "BrainFish_180106_x64_modern_CTG"]
[BlackEngine "SF@17 T3_CTG"]
[EventType "Swiss"]
[WhiteTeam ""]
[BlackTeam ""]
[PlyCount "137"]
[TimeControl "720+1"]

1. e4 e5 2. Nf3 Nc6 3. Bc4 Bc5 4. O-O Nf6 5. d3 d6 6. c3 a5 7. h3 O-O 
8. Nbd2 Be6 9. Bb5 h6 10. Re1 Qb8 11. Nf1 Qa7 12. Be3 Bxe3 13. Nxe3 Ne7 
14. a4 Ng6 15. Bc4 Bxc4 16. Nxc4 Qa6 17. b3 Rfe8 18. Qc2 Nf4 19. Kh2 Qc6 
20. Rad1 b6 21. d4 exd4 22. Nxd4 Qc5 23. g3 Ng6 24. Re2 h5 25. h4 Rad8 
26. Nf5 b5 27. Nxa5 Qb6 28. b4 bxa4 29. Nd4 Ra8 30. Kg2 a3 31. Ra1 c5 
32. Nc4 Qb8 33. Nf5 cxb4 34. cxb4 d5 35. exd5 Rxe2 36. Qxe2 Qxb4 37. d6 Qb5 
38. Qf3 Ra6 39. Nxa3 Qb2 40. Ne7+ Nxe7 41. Rb1 Qxa3 42. Rb8+ Kh7 43. Qxa3 Rxa3 
44. dxe7 g6 45. e8=Q Nxe8 46. Rxe8 Kg7 47. Rc8 Ra1 48. Kf3 f6 49. Rc7+ Kh6 
50. Rc6 Ra3+ 51. Ke2 f5 52. Rc4 Ra2+ 53. Kf3 Ra3+ 54. Ke2 Kg7 55. f3 Ra7 
56. Rc6 Ra3 57. Rc7+ Kf6 58. Rc6+ Kg7 59. Rc4 Kh6 60. Rc6 Ra2+ 61. Ke3 Ra3+ 
62. Kf4 Ra4+ 63. Ke3 Ra1 64. Rc3 Ra2 65. Rd3 Kg7 66. Rd7+ Kf6 67. Kd3 Ra3+ 
68. Ke2 f4 69. gxf4 1/2-1/2

[Event "Saturday Night Engine Tour 7 Rd Swiss 12m+1s Starts at 2200hrs ST"]
[Site "Infinity Chess"]
[Date "2018.1.6"]
[Round "4"]
[White "MrScience"]
[Black "MGR"]
[Result "1-0"]
[ECO "E90"]
[WhiteElo "2473"]
[BlackElo "2477"]
[WhiteEngine "BrainFish_x64_modern"]
[BlackEngine "asmFishW_2017-11-19_bmi2"]
[EventType "Swiss"]
[WhiteTeam ""]
[BlackTeam ""]
[PlyCount "78"]
[TimeControl "720+1"]

1. d4 Nf6 2. c4 g6 3. Nc3 Bg7 4. e4 d6 5. Nf3 O-O 6. Be3 Ng4 7. Bg5 h6 
8. Bh4 Nf6 9. h3 Nh5 10. Qd2 g5 11. g4 Nf4 12. Bg3 c5 13. dxc5 dxc5 
14. Bxf4 gxf4 15. Qxf4 Nc6 16. Rd1 Nd4 17. Bd3 e6 18. e5 Nxf3+ 19. Qxf3 Qc7 
20. Rg1 Qxe5+ 21. Kf1 Qf6 22. Qg3 Qe7 23. Re1 Kh8 24. Bc2 Rd8 25. Nd5 Qd6 
26. Nf4 e5 27. Nh5 Qe6 28. b3 Rd4 29. Be4 f6 30. Qf3 Qe7 31. Rg2 Be6 
32. Bxb7 Rb8 33. Be4 Qf8 34. h4 a5 35. Ng3 a4 36. Nf5 Rd7 37. Kg1 Rb4 
38. Rg3 Rf7 39. Nxg7 Rxg7 1-0

[Event "Saturday Night Engine Tour 7 Rd Swiss 12m+1s Starts at 2200hrs ST"]
[Site "Infinity Chess"]
[Date "2018.1.6"]
[Round "4"]
[White "Victorious"]
[Black "CoffeeOne"]
[Result "1/2-1/2"]
[ECO "A05"]
[WhiteElo "2506"]
[BlackElo "2490"]
[WhiteEngine "Houdini 6"]
[BlackEngine "cfish-2018-01-05"]
[EventType "Swiss"]
[WhiteTeam ""]
[BlackTeam ""]
[PlyCount "105"]
[TimeControl "720+1"]

1. Nf3 Nf6 2. d4 d5 3. e3 c5 4. Nbd2 e6 5. b3 Nbd7 6. Bb2 b6 7. c4 Bd6 
8. Bd3 O-O 9. O-O Bb7 10. Qe2 cxd4 11. exd4 Qe7 12. Ne5 Ba3 13. Bxa3 Qxa3 
14. Qe3 Rad8 15. Rad1 Nxe5 16. dxe5 Nd7 17. cxd5 Bxd5 18. Bb1 Qb4 19. h3 a5 
20. Rfe1 Nc5 21. Bc2 h6 22. Nb1 Qh4 23. Rd4 Qg5 24. Qxg5 hxg5 25. Rg4 Rc8 
26. Nd2 Rfd8 27. Rxg5 b5 28. Rg3 Bxg2 29. Kxg2 Rxd2 30. Rc3 Kf8 31. Rc1 g5 
32. h4 gxh4 33. Kh3 Rd5 34. f4 b4 35. Rc4 Rcd8 36. Kxh4 Nd7 37. Kg3 Nb6 
38. Rc6 Rd2 39. f5 exf5 40. Bxf5 Nd5 41. Ra6 Re8 42. e6 Re7 43. Rc8+ Kg7 
44. Rd8 Kf6 45. exf7+ Kxf7 46. Bg4 Re3+ 47. Bf3 Rdd3 48. Ra7+ Ke6 49. Rf8 Nc3 
50. Kg4 Rxf3 51. Rxf3 Rxf3 52. Kxf3 Nxa2 53. Rxa5 1/2-1/2

[Event "Saturday Night Engine Tour 7 Rd Swiss 12m+1s Starts at 2200hrs ST"]
[Site "Infinity Chess"]
[Date "2018.1.6"]
[Round "4"]
[White "Satria_Ungu"]
[Black "Deep_Impact"]
[Result "1/2-1/2"]
[ECO "D43"]
[WhiteElo "2447"]
[BlackElo "2503"]
[WhiteEngine "Houdini 6"]
[BlackEngine "BrainFish_171226_x64_modern"]
[EventType "Swiss"]
[WhiteTeam ""]
[BlackTeam ""]
[PlyCount "123"]
[TimeControl "720+1"]

1. d4 d5 2. c4 e6 3. Nc3 Nf6 4. Nf3 c6 5. Bg5 h6 6. Bxf6 Qxf6 7. e3 Nd7 
8. Be2 g6 9. O-O Bg7 10. e4 dxe4 11. Nxe4 Qf4 12. Qc2 f5 13. Ned2 c5 14. g3 Qc7 
15. Nh4 Bxd4 16. Nxg6 Rg8 17. Nh4 Nf6 18. Ndf3 Rxg3+ 19. hxg3 Qxg3+ 20. Ng2 Ng4 
21. Qd2 Bxf2+ 22. Rxf2 Qxf2+ 23. Kh1 Bd7 24. Rf1 Qg3 25. Qe1 Qxe1 26. Nfxe1 Ne5 
27. Nf3 Ng4 28. Nfh4 Ne5 29. Kg1 Ke7 30. Nf4 Rg8+ 31. Kf2 Ng4+ 32. Ke1 Ne5 
33. Nf3 Nf7 34. Nd3 b6 35. Nfe5 Nxe5 36. Nxe5 Be8 37. Rh1 Rh8 38. Bh5 Kf6 
39. Nd3 Bxh5 40. Rxh5 e5 41. Kf2 Rh7 42. b4 cxb4 43. Nxb4 Kg6 44. Rh3 h5 
45. Nd5 f4 46. Kf3 Kf5 47. Rh4 Kg5 48. Rh1 Kf5 49. Rh4 Rh6 50. a3 Ke6 
51. Ke4 Rh8 52. Nc3 Rc8 53. Kd3 Rh8 54. Ke2 Kf5 55. Kf3 Rh6 56. Nd5 Rh8 
57. a4 Rh6 58. Ne7+ Ke6 59. Nc6 Kf5 60. Ne7+ Ke6 61. Nd5 Kf5 62. Ne7+ 1/2-1/2

[Event "Saturday Night Engine Tour 7 Rd Swiss 12m+1s Starts at 2200hrs ST"]
[Site "Infinity Chess"]
[Date "2018.1.6"]
[Round "4"]
[White "Coco69"]
[Black "SkyPilot"]
[Result "1/2-1/2 "]
[ECO "B90"]
[WhiteElo "2435"]
[BlackElo "2480"]
[WhiteEngine "asmFishW_2017-11-19_popcnt_CTG"]
[BlackEngine "stockfish_x64_bmi2_2018_01_01_CTG"]
[EventType "Swiss"]
[WhiteTeam ""]
[BlackTeam ""]
[PlyCount "170"]
[TimeControl "720+1"]

1. e4 c5 2. Nf3 d6 3. d4 cxd4 4. Nxd4 Nf6 5. Nc3 a6 6. h3 e5 7. Nde2 h5 
8. g3 Nbd7 9. a4 Be7 10. Bg2 Nc5 11. Bg5 Be6 12. O-O O-O 13. b3 Qc8 14. Kh2 Qd8 
15. f4 exf4 16. gxf4 Rc8 17. Qd2 Bd7 18. Rad1 Bc6 19. Qe3 Nfxe4 20. Nxe4 Bxe4 
21. Bxe4 Re8 22. Bf5 Bxg5 23. Qf3 Bf6 24. Bxc8 Qxc8 25. Rxd6 h4 26. Rd5 Ne4 
27. c4 Qc7 28. Kg2 g6 29. Rfd1 Kg7 30. R1d3 Bb2 31. Rd1 Qe7 32. Rd7 Qe6 
33. R7d3 b6 34. Re3 f5 35. Nd4 Qf6 36. Nc2 Kh6 37. Re2 Qg7 38. Nb4 a5 
39. Nc2 Kh7 40. Rd3 Re6 41. Re1 Bf6 42. Rd5 Bc3 43. Re2 Bb2 44. Ne1 Re7 
45. Kh2 Bf6 46. Ng2 Kh6 47. Rd1 Qh8 48. Qd3 Qg7 49. Rde1 Kh7 50. Rd1 Kh6 
51. Qf3 Re6 52. Rd5 Qc7 53. Qe3 Qb8 54. Qf3 Ng5 55. Qd3 Ne4 56. Qf3 Qc7 
57. Qe3 Qb8 58. Qc1 Be7 59. Qe1 Bg5 60. Kg1 Be7 61. Kh2 Bf6 62. Re3 Qc7 
63. Rf3 Qe7 64. Qg1 Ng3 65. Rd1 Rd6 66. Rxd6 Qxd6 67. Qc1 Ne4 68. Qe3 Bd4 
69. Qe1 Bc5 70. Nxh4 Kh7 71. Ng2 Nd2 72. Qg3 Nxf3+ 73. Qxf3 Qd4 74. Kg3 Kh6 
75. h4 Kg7 76. h5 g5 77. fxg5 Bd6+ 78. Nf4 Bxf4+ 79. Qxf4 Qg1+ 80. Kh4 Qe1+ 
81. Kh3 Qh1+ 82. Qh2 Qf3+ 83. Qg3 Qh1+ 84. Qh2 Qf3+ 85. Qg3 Qh1+ 1/2-1/2

[Event "Saturday Night Engine Tour 7 Rd Swiss 12m+1s Starts at 2200hrs ST"]
[Site "Infinity Chess"]
[Date "2018.1.6"]
[Round "3"]
[White "Vimtiroba"]
[Black "RonWeasley"]
[Result "1/2-1/2"]
[ECO "C11"]
[WhiteElo "2447"]
[BlackElo "2439"]
[WhiteEngine "SF@17 T3_CTG"]
[BlackEngine "BrainFish 261217_CTG"]
[EventType "Swiss"]
[WhiteTeam ""]
[BlackTeam ""]
[PlyCount "120"]
[TimeControl "720+1"]

1. e4 e6 2. d4 d5 3. Nc3 Nf6 4. e5 Nfd7 5. f4 c5 6. Nf3 Nc6 7. Be3 cxd4 
8. Nxd4 Qb6 9. Qd2 Qxb2 10. Rb1 Qa3 11. Bb5 Nxd4 12. Bxd4 a6 13. Bxd7+ Bxd7 
14. Rb3 Qe7 15. Rxb7 Rc8 16. O-O Qd8 17. Qf2 Rxc3 18. Bxc3 Qc8 19. Rb3 Ba4 
20. Bd4 Bxb3 21. axb3 Be7 22. c3 O-O 23. b4 Qc6 24. h3 Bd8 25. Kh1 Re8 
26. Ra1 Bc7 27. Qa2 Ra8 28. Kh2 Bb6 29. Bxb6 Qxb6 30. Qa5 Qe3 31. b5 Qxf4+ 
32. Kh1 Qxe5 33. bxa6 Qb8 34. a7 Qb7 35. Kh2 f6 36. Qc5 Kf7 37. Ra5 h5 
38. Ra3 h4 39. Ra4 g5 40. Ra5 Kg6 41. Ra1 e5 42. Ra5 Qd7 43. Qb6 Qf5 44. Ra1 Qd3 
45. Ra6 Qf1 46. Qb7 Qf4+ 47. Kg1 Qe3+ 48. Kf1 Qc1+ 49. Kf2 Qf4+ 50. Ke1 Qe4+ 
51. Kf1 Qc2 52. Qxa8 Qd1+ 53. Kf2 Qd2+ 54. Kg1 Qc1+ 55. Kf2 Qd2+ 56. Kg1 Qe1+ 
57. Kh2 Qg3+ 58. Kg1 Qe1+ 59. Kh2 Qg3+ 60. Kg1 Qe1+ 1/2-1/2

[Event "Saturday Night Engine Tour 7 Rd Swiss 12m+1s Starts at 2200hrs ST"]
[Site "Infinity Chess"]
[Date "2018.1.6"]
[Round "3"]
[White "incredible"]
[Black "Gilgamesch"]
[Result "1/2-1/2"]
[ECO "C65"]
[WhiteElo "2465"]
[BlackElo "2462"]
[WhiteEngine "stockfish_18010422_x64_bmi2"]
[BlackEngine "BrainFish_171005_x64_bmi2"]
[EventType "Swiss"]
[WhiteTeam ""]
[BlackTeam ""]
[PlyCount "139"]
[TimeControl "720+1"]

1. e4 e5 2. Nf3 Nc6 3. Bb5 Nf6 4. O-O Nxe4 5. d4 Nd6 6. Bxc6 dxc6 7. dxe5 Nf5 
8. Qxd8+ Kxd8 9. Nc3 Bd7 10. Rd1 Kc8 11. Ng5 Be8 12. Nge4 Bd7 13. Ng5 Be8 
14. b3 Be7 15. Nge4 b6 16. f3 Bd7 17. Rd3 Re8 18. Bb2 a5 19. a4 h5 20. g3 c5 
21. Nd5 Bf8 22. f4 Nh6 23. Ne3 Ng4 24. Nc4 Bf5 25. Re1 Kb7 26. Rd2 Be7 
27. Ng5 f6 28. Nf3 fxe5 29. Bxe5 Bf6 30. Rde2 Nxe5 31. Ncxe5 Re7 32. Kg2 Rae8 
33. h3 Bxe5 34. Nxe5 c4 35. bxc4 Bd7 36. c5 Bxa4 37. c4 Rf8 38. Rb1 Bc6+ 
39. Kf1 Be8 40. h4 Rf6 41. cxb6 cxb6 42. Kg1 Rc7 43. Rd2 a4 44. Rd8 Rc8 
45. Rd5 Kc7 46. Rbd1 Bc6 47. R5d2 Ra8 48. Kf2 a3 49. Ra2 Ra5 50. Ke1 Rf8 
51. Rd3 Rfa8 52. Rd4 R8a6 53. Rd3 Ra8 54. Rd4 Rb8 55. Kd2 Re8 56. Kc1 Ra4 
57. Rd3 Rea8 58. Kd2 Be4 59. Rd7+ Kc8 60. Rxg7 Bb1 61. Ra1 a2 62. Kc3 Ra3+ 
63. Kb4 Bc2 64. Rg8+ Kb7 65. Rxa8 Rb3+ 66. Ka4 Rf3+ 67. Kb5 Rb3+ 68. Ka4 Rf3+ 
69. Kb5 Rb3+ 70. Ka4 1/2-1/2

[Event "Saturday Night Engine Tour 7 Rd Swiss 12m+1s Starts at 2200hrs ST"]
[Site "Infinity Chess"]
[Date "2018.1.6"]
[Round "3"]
[White "neófito"]
[Black "OlivierEvan"]
[Result "1/2-1/2"]
[ECO "D30"]
[WhiteElo "2404"]
[BlackElo "2364"]
[WhiteEngine "BrainFish_180106_x64_bmi2_CTG"]
[BlackEngine "Houdini 6"]
[EventType "Swiss"]
[WhiteTeam ""]
[BlackTeam ""]
[PlyCount "136"]
[TimeControl "720+1"]

1. d4 d5 2. c4 e6 3. Nf3 Nf6 4. Nc3 c6 5. Bg5 h6 6. Bxf6 Qxf6 7. e3 Nd7 
8. Bd3 dxc4 9. Bxc4 g6 10. O-O Bg7 11. Qe2 O-O 12. e4 e5 13. d5 Nb6 14. Bb3 Bg4 
15. Rac1 Rfd8 16. Rfd1 cxd5 17. Bxd5 Rd7 18. Bb3 Rad8 19. Rxd7 Rxd7 20. Nd5 Nxd5 
21. Bxd5 Bf8 22. Rc3 Kg7 23. a3 Be7 24. h3 Be6 25. Bxe6 Qxe6 26. Kh2 Bd8 
27. Qc2 Bb6 28. g3 Bd4 29. Rd3 Qb6 30. Kg2 Qd8 31. Rd2 h5 32. b4 a6 33. a4 f6 
34. Qc4 Ba7 35. Rc2 Bd4 36. a5 Qe8 37. b5 axb5 38. Qxb5 Qd8 39. Rd2 Qe7 
40. Rd3 Kf8 41. Qa4 Qd6 42. Rd1 Kg7 43. Rd2 Rd8 44. Qc4 Rd7 45. Qa4 Rd8 
46. Qc4 Rd7 47. Rd3 f5 48. Nxd4 exd4 49. exf5 gxf5 50. Qc1 f4 51. Kg1 Kh7 
52. Qc2 Qg6 53. Qd1 h4 54. g4 Qe4 55. Qa4 Qe1+ 56. Kg2 Qe4+ 57. Kh2 Qd5 
58. Qc2 Kg7 59. Qc8 f3 60. Rxf3 Rf7 61. Rxf7+ Kxf7 62. Qc7+ Ke8 63. Kg1 d3 
64. Qc8+ Ke7 65. Qc7+ Ke6 66. Qc8+ Ke7 67. Qc7+ Ke6 68. Qc8+ Ke7 1/2-1/2

[Event "Saturday Night Engine Tour 7 Rd Swiss 12m+1s Starts at 2200hrs ST"]
[Site "Infinity Chess"]
[Date "2018.1.6"]
[Round "3"]
[White "Dovahkiin"]
[Black "Coco69"]
[Result "1/2-1/2"]
[ECO "A00"]
[WhiteElo "2375"]
[BlackElo "2438"]
[WhiteEngine "BrainFish_180106_x64_modern_CTG"]
[BlackEngine "asmFishW_2017-11-19_popcnt_CTG"]
[EventType "Swiss"]
[WhiteTeam ""]
[BlackTeam ""]
[PlyCount "126"]
[TimeControl "720+1"]

1. e3 e5 2. e4 Nf6 3. Nc3 Bc5 4. Nf3 d6 5. Bc4 c6 6. d3 O-O 7. a4 Bg4 8. Ba2 a5 
9. h3 Bh5 10. g4 Bg6 11. Ne2 Re8 12. Ng3 d5 13. Qe2 Na6 14. Nh2 Nb4 15. Bb1 Nd7 
16. g5 f6 17. h4 fxg5 18. Bxg5 Be7 19. Bxe7 Qxe7 20. c3 Na6 21. h5 Bf7 
22. Nf5 Qg5 23. Qg4 Qxg4 24. Nxg4 Nac5 25. Bc2 Be6 26. Rg1 Bxf5 27. exf5 Kf7 
28. h6 Nf6 29. Nxf6 Kxf6 30. O-O-O gxh6 31. Rh1 Nd7 32. Rxh6+ Kg7 33. Rh4 Re7 
34. b4 axb4 35. Rxb4 Nf6 36. Kd2 Rg8 37. Rdb1 Kh6 38. Rxb7 Rxb7 39. Rxb7 Kg5 
40. f3 h5 41. d4 exd4 42. Rf7 dxc3+ 43. Kxc3 Ne8 44. a5 Nd6 45. Rh7 c5 
46. Rd7 Nb5+ 47. Kd3 c4+ 48. Kd2 c3+ 49. Kd3 h4 50. Rxd5 Na3 51. f6+ Kxf6 
52. a6 h3 53. Rh5 Rd8+ 54. Kxc3 Rc8+ 55. Kb4 Nxc2+ 56. Ka5 Ke6 57. a7 Kd6 
58. Kb6 h2 59. Rxh2 Nd4 60. Rd2 Kd5 61. Kb7 Rh8 62. a8=Q Rxa8 63. Kxa8 Ke5 
1/2-1/2

[Event "Saturday Night Engine Tour 7 Rd Swiss 12m+1s Starts at 2200hrs ST"]
[Site "Infinity Chess"]
[Date "2018.1.6"]
[Round "3"]
[White "Tiger"]
[Black "KillBill2017"]
[Result "1/2-1/2"]
[ECO "B90"]
[WhiteElo "2433"]
[BlackElo "2425"]
[WhiteEngine "BrainFish_171111_x64_bmi2"]
[BlackEngine "Raubfisch ME262_GTZ16b1_CTG"]
[EventType "Swiss"]
[WhiteTeam ""]
[BlackTeam ""]
[PlyCount "108"]
[TimeControl "720+1"]

1. e4 c5 2. Nf3 d6 3. d4 cxd4 4. Nxd4 Nf6 5. Nc3 a6 6. Be3 e5 7. Nb3 Be6 
8. Be2 Be7 9. Qd3 O-O 10. O-O Nc6 11. a3 d5 12. exd5 Nxd5 13. Nxd5 Qxd5 
14. Qxd5 Bxd5 15. Rfd1 Be4 16. Rd2 Rad8 17. Rad1 Rxd2 18. Rxd2 Rd8 
19. Rxd8+ Nxd8 20. c3 b5 21. f3 Bd5 22. Na5 Be6 23. c4 Bd7 24. b4 f5 25. Kf2 Kf7 
26. g3 Ne6 27. Bd2 Bd8 28. Bc3 Bc7 29. c5 g5 30. Nb3 h5 31. Nc1 f4 32. Bd1 fxg3+ 
33. hxg3 h4 34. gxh4 gxh4 35. Bb3 Bc6 36. Nd3 e4 37. fxe4 Bxe4 38. Ke3 Bxd3 
39. Kxd3 Ke7 40. Ke2 h3 41. Kf1 Nf4 42. Bc2 Ke6 43. Be4 h2 44. Bf3 Be5 
45. Bxe5 Kxe5 46. Bb7 Nd3 47. Kg2 Ne1+ 48. Kxh2 Nc2 49. Bxa6 Nxa3 50. c6 Kd6 
51. c7 Kxc7 52. Kh3 Kb6 53. Bxb5 Kxb5 54. Kg2 Nc2 1/2-1/2

[Event "Saturday Night Engine Tour 7 Rd Swiss 12m+1s Starts at 2200hrs ST"]
[Site "Infinity Chess"]
[Date "2018.1.6"]
[Round "3"]
[White "MarioDeMonti"]
[Black "KULLANI"]
[Result "1/2-1/2"]
[ECO "C53"]
[WhiteElo "2437"]
[BlackElo "2444"]
[WhiteEngine "stockfish_x64_bmi2_2017_12_26_CTG"]
[BlackEngine "Raubfisch ME262_GTZ16b1._CTG"]
[EventType "Swiss"]
[WhiteTeam ""]
[BlackTeam ""]
[PlyCount "67"]
[TimeControl "720+1"]

1. e4 e5 2. Nf3 Nc6 3. Bc4 Bc5 4. c3 Nf6 5. d3 d6 6. O-O a5 7. Re1 h6 8. h3 O-O 
9. a4 Ba7 10. Nbd2 Be6 11. b3 Nd7 12. Nf1 Nb6 13. Bxe6 fxe6 14. Bd2 Nd7 
15. Rc1 Qe7 16. N1h2 Nc5 17. Be3 Rf7 18. Nf1 Raf8 19. Ng3 Bb6 20. Rc2 Qe8 
21. Rd2 Qd8 22. Kh2 Qf6 23. Kh1 Qd8 24. d4 Nd7 25. Kh2 Qf6 26. Rf1 exd4 
27. cxd4 Nb4 28. Re2 c6 29. Bd2 Nd3 30. Kg1 Qg6 31. Nh4 Qf6 32. Nf3 Qg6 
33. Nh4 Qf6 34. Nf3 1/2-1/2

[Event "Saturday Night Engine Tour 7 Rd Swiss 12m+1s Starts at 2200hrs ST"]
[Site "Infinity Chess"]
[Date "2018.1.6"]
[Round "3"]
[White "MGR"]
[Black "Thinker"]
[Result "1/2-1/2"]
[ECO "A06"]
[WhiteElo "2478"]
[BlackElo "2442"]
[WhiteEngine "asmFishW_2017-11-19_bmi2"]
[BlackEngine "BrainFish_180106_x64_modern_CTG"]
[EventType "Swiss"]
[WhiteTeam ""]
[BlackTeam ""]
[PlyCount "55"]
[TimeControl "720+1"]

1. Nf3 d5 2. e3 Nf6 3. d3 c5 4. d4 Nc6 5. dxc5 e5 6. Bb5 Bg4 7. c4 Bxc5 
8. cxd5 Nxd5 9. Bxc6+ bxc6 10. Qa4 Bxf3 11. Qxc6+ Kf8 12. gxf3 Rc8 13. Qa4 g6 
14. Bd2 Kg7 15. O-O Re8 16. Nc3 Bb4 17. Rac1 Qg5+ 18. Kh1 Qf5 19. Kg2 Bxc3 
20. Bxc3 Nxc3 21. Rxc3 e4 22. f4 Rxc3 23. Qxe8 Qg4+ 24. Kh1 Qf3+ 25. Kg1 Qg4+ 
26. Kh1 Qf3+ 27. Kg1 Qg4+ 28. Kh1 1/2-1/2

[Event "Saturday Night Engine Tour 7 Rd Swiss 12m+1s Starts at 2200hrs ST"]
[Site "Infinity Chess"]
[Date "2018.1.6"]
[Round "3"]
[White "CoffeeOne"]
[Black "Deep_Impact"]
[Result "1/2-1/2"]
[ECO "C58"]
[WhiteElo "2489"]
[BlackElo "2504"]
[WhiteEngine "cfish-2018-01-05"]
[BlackEngine "BrainFish_171226_x64_modern"]
[EventType "Swiss"]
[WhiteTeam ""]
[BlackTeam ""]
[PlyCount "112"]
[TimeControl "720+1"]

1. e4 e5 2. Nf3 Nc6 3. Bc4 Nf6 4. Ng5 d5 5. exd5 Na5 6. Bb5+ c6 7. dxc6 bxc6 
8. Be2 h6 9. Nh3 Qc7 10. O-O Bc5 11. Kh1 O-O 12. d3 Nb7 13. Nc3 Rd8 14. Qe1 Bf5 
15. Bf3 Re8 16. Ng1 Nd6 17. Be4 Bc8 18. Nge2 Nfxe4 19. Nxe4 Nxe4 20. dxe4 a5 
21. b3 Qa7 22. Bb2 a4 23. f4 exf4 24. Nxf4 Ba6 25. c4 Bd4 26. Rb1 Rad8 
27. Nh5 Qc7 28. Bxd4 Rxd4 29. Ng3 axb3 30. axb3 c5 31. Rd1 Rxd1 32. Qxd1 Bb7 
33. Qg4 Re6 34. Kg1 Qe7 35. Rf4 Kf8 36. Qh3 Qd6 37. Rf2 Qe7 38. Rf3 Kg8 
39. Qg4 Bxe4 40. Nxe4 Rxe4 41. Qc8+ Qf8 42. Qxf8+ Kxf8 43. Kf2 Re5 44. Re3 Rxe3 
45. Kxe3 Ke7 46. Kd3 g6 47. g3 Kd6 48. Kc3 f5 49. b4 cxb4+ 50. Kxb4 g5 
51. c5+ Kc6 52. Kc4 f4 53. gxf4 gxf4 54. Kd4 f3 55. Ke3 Kxc5 56. Kxf3 Kd5 
1/2-1/2

[Event "Saturday Night Engine Tour 7 Rd Swiss 12m+1s Starts at 2200hrs ST"]
[Site "Infinity Chess"]
[Date "2018.1.6"]
[Round "3"]
[White "Victorious"]
[Black "Satria_Ungu"]
[Result "1/2-1/2 "]
[ECO "D31"]
[WhiteElo "2509"]
[BlackElo "2444"]
[WhiteEngine "Houdini 6"]
[BlackEngine "Houdini 6"]
[EventType "Swiss"]
[WhiteTeam ""]
[BlackTeam ""]
[PlyCount "197"]
[TimeControl "720+1"]

1. d4 d5 2. c4 e6 3. Nc3 c6 4. Nf3 Nf6 5. e3 Nbd7 6. Bd3 dxc4 7. Bxc4 b5 
8. Bd3 Bb7 9. a3 a6 10. b4 a5 11. Rb1 Bd6 12. O-O axb4 13. axb4 O-O 14. Qc2 Qe7 
15. e4 e5 16. Ne2 Rfe8 17. Bb2 g6 18. Rfd1 Red8 19. h3 exd4 20. Nexd4 Rac8 
21. Ba1 c5 22. Nxb5 cxb4 23. Qb2 Bc5 24. Bc2 Bc6 25. Nbd4 Ba8 26. Rbc1 Bb6 
27. Bb1 Rc7 28. Rxc7 Bxc7 29. Nb3 Bb7 30. Nbd2 Bf4 31. Ba2 h6 32. Rb1 Ra8 
33. Re1 Ne5 34. Nxe5 Bxe5 35. Qxe5 Qxe5 36. Bxe5 Rxa2 37. Bxf6 Rxd2 38. Rb1 Rd6 
39. Rxb4 Rxf6 40. Rxb7 Kg7 41. Rb5 h5 42. h4 Ra6 43. f3 Ra4 44. Kh2 Ra2 
45. Rb7 Kf6 46. Kh3 Ke6 47. Rb8 Ke5 48. Rb5+ Kf6 49. Rg5 Rf2 50. Kg3 Ra2 
51. Rc5 Rd2 52. Kh2 Kg7 53. Rd5 Ra2 54. Rd4 Re2 55. Rd7 Rc2 56. Rd3 Ra2 
57. Kg3 Kf6 58. Rd8 Rb2 59. Kh3 Rb4 60. Ra8 Ke6 61. Ra6+ Ke5 62. Ra2 Rb5 
63. Kg3 Rb4 64. Ra7 Kf6 65. Kh2 Ke6 66. Ra8 Ke5 67. Kg3 Rb2 68. Ra3 Rc2 
69. Ra5+ Kf6 70. Kh2 Ke6 71. Rb5 Kf6 72. Kg3 Ra2 73. Rb7 Ke6 74. Rb1 Rc2 
75. Ra1 Ke5 76. Ra6 Rb2 77. Ra8 Kf6 78. Rd8 Re2 79. Rd5 Ra2 80. Rd7 Ke6 
81. Rd8 Rb2 82. f4 Rb3+ 83. Kf2 Rb4 84. Ke3 Rb2 85. Rd2 Rb3+ 86. Ke2 Rb4 
87. Kf3 Rb3+ 88. Kf2 Rb4 89. Re2 f5 90. Kf3 Rb3+ 91. Re3 fxe4+ 92. Kxe4 Rb4+ 
93. Kf3+ Kf5 94. Re5+ Kf6 95. g3 Rb3+ 96. Kf2 Ra3 97. Rd5 Ra1 98. Rd6+ Kf5 
99. Kf3 1/2-1/2

[Event "Saturday Night Engine Tour 7 Rd Swiss 12m+1s Starts at 2200hrs ST"]
[Site "Infinity Chess"]
[Date "2018.1.6"]
[Round "3"]
[White "SkyPilot"]
[Black "MrScience"]
[Result "1/2-1/2 "]
[ECO "C53"]
[WhiteElo "2480"]
[BlackElo "2473"]
[WhiteEngine "stockfish_x64_bmi2_2018_01_01_CTG"]
[BlackEngine "BrainFish_x64_modern"]
[EventType "Swiss"]
[WhiteTeam ""]
[BlackTeam ""]
[PlyCount "143"]
[TimeControl "720+1"]

1. e4 e5 2. Nf3 Nc6 3. Bc4 Bc5 4. c3 Nf6 5. d3 d6 6. O-O O-O 7. h3 a5 
8. Nbd2 Be6 9. Bb5 h6 10. Re1 Qb8 11. Nf1 Qa7 12. Re2 a4 13. Ng3 Qa5 
14. Bxc6 bxc6 15. Nh4 Rfd8 16. d4 Bb6 17. Nhf5 Kh7 18. Re1 exd4 19. Nxd4 Bd7 
20. Bd2 Re8 21. Nf3 Be6 22. Nd4 Bd7 23. Nf3 Qa7 24. Be3 Bc5 25. Qc2 Kg8 
26. Rad1 Qb6 27. c4 Be6 28. b3 Nd7 29. Bxc5 Qxc5 30. Nd4 Nf8 31. f4 Bd7 
32. Kh1 axb3 33. axb3 Ra3 34. f5 f6 35. Nh5 Kh8 36. Qd2 Nh7 37. Qb2 Qb4 
38. Qf2 Qb6 39. Rd3 Re7 40. Nf4 Kg8 41. Qb2 Qa7 42. Rde3 Ra2 43. Qc3 Qa3 
44. Kg1 Re8 45. h4 Qb2 46. Qxb2 Rxb2 47. Ra1 Rd2 48. Nf3 Rb2 49. g4 Nf8 
50. Ra7 Rc8 51. Rd3 Be8 52. Nd4 g5 53. hxg5 fxg5 54. Nfe6 c5 55. Nxf8 cxd4 
56. Ne6 Bc6 57. Nxc7 Bxe4 58. Rxd4 Rg2+ 59. Kf1 Rxg4 60. Rxd6 Rf4+ 61. Ke2 Rxf5 
62. Rxh6 Re5 63. Nb5 Rd8 64. Rd6 Rxd6 65. Nxd6 Bc2+ 66. Kf3 Bxb3 67. Kg4 Bd1+ 
68. Kh3 Bh5 69. Kh2 Re2+ 70. Kg1 Kf8 71. Nf5 Rd2 72. Rg7 1/2-1/2

[Event "Saturday Night Engine Tour 7 Rd Swiss 12m+1s Starts at 2200hrs ST"]
[Site "Infinity Chess"]
[Date "2018.1.6"]
[Round "2"]
[White "RonWeasley"]
[Black "incredible"]
[Result "1/2-1/2"]
[ECO "A00"]
[WhiteElo "2438"]
[BlackElo "2466"]
[WhiteEngine "BrainFish 261217_CTG"]
[BlackEngine "stockfish_18010422_x64_bmi2"]
[EventType "Swiss"]
[WhiteTeam ""]
[BlackTeam ""]
[PlyCount "158"]
[TimeControl "720+1"]

1. a3 d5 2. e3 Nf6 3. d4 e6 4. c4 Be7 5. Nc3 O-O 6. Nf3 Nbd7 7. cxd5 exd5 
8. Bd3 Re8 9. O-O Bd6 10. Re1 c6 11. Qc2 Nb6 12. h3 h6 13. Bd2 Be6 14. e4 dxe4 
15. Nxe4 Nxe4 16. Rxe4 Nd5 17. Rae1 Qf6 18. Ne5 Re7 19. Qd1 Rae8 20. Ng4 Bxg4 
21. Qxg4 Rxe4 22. Rxe4 Re6 23. g3 Kf8 24. Bc4 Bc7 25. Bb4+ Kg8 26. Kg2 Rxe4 
27. Qxe4 Qd8 28. Bd2 h5 29. h4 g6 30. Bg5 Qd7 31. Bf6 Kh7 32. Be5 Bd8 
33. Be2 Kh6 34. Bd3 Qe6 35. Kf3 Kh7 36. Bb8 Qf6+ 37. Kg2 Bb6 38. Be5 Qe6 
39. Bc2 Kg8 40. Qd3 Kf8 41. Bd1 Ke7 42. Bf3 Ke8 43. Bg7 Bc7 44. Qd2 Kd7 
45. Qc2 Bd6 46. Qd2 a6 47. Qg5 Bc7 48. Qd2 Bd6 49. Qd3 Kc8 50. Qd2 Kc7 
51. Qd3 Be7 52. Be5+ Kd8 53. Qc2 Ke8 54. Kh2 Qd7 55. Bg2 Bd8 56. Qd2 Bf6 
57. Bxf6 Nxf6 58. Bh3 Qd8 59. Qb4 Qc7 60. Qe1+ Qe7 61. Qxe7+ Kxe7 62. Bc8 b5 
63. Bxa6 Kd6 64. a4 bxa4 65. Bc4 Ne4 66. Bxf7 Nxf2 67. Bxg6 Nd1 68. Bxh5 Nxb2 
69. Bf7 a3 70. g4 Nd3 71. Kg3 Ke7 72. Bc4 Nb4 73. Kf4 Kf8 74. Ke5 a2 
75. Bxa2 Nxa2 76. d5 cxd5 77. Kxd5 Kg7 78. Kc5 Kf7 79. Kd5 Nb4+ 1/2-1/2

[Event "Saturday Night Engine Tour 7 Rd Swiss 12m+1s Starts at 2200hrs ST"]
[Site "Infinity Chess"]
[Date "2018.1.6"]
[Round "2"]
[White "koalachess"]
[Black "Gilgamesch"]
[Result "1/2-1/2"]
[ECO "C53"]
[WhiteElo "2069"]
[BlackElo "2478"]
[WhiteEngine "stockfish_8_x64_CTG"]
[BlackEngine "BrainFish_171005_x64_bmi2"]
[EventType "Swiss"]
[WhiteTeam ""]
[BlackTeam ""]
[PlyCount "128"]
[TimeControl "720+1"]

1. e4 e5 2. Nf3 Nc6 3. Bc4 Bc5 4. c3 Nf6 5. d4 exd4 6. cxd4 Bb4+ 7. Bd2 Nxe4 
8. Bxb4 Nxb4 9. Bxf7+ Kxf7 10. Qb3+ Kf8 11. Qxb4+ Qe7 12. Qxe7+ Kxe7 13. O-O Re8 
14. Re1 Kf8 15. Nfd2 Nf6 16. Nc3 b5 17. a3 Rxe1+ 18. Rxe1 a5 19. Rc1 b4 
20. Nce4 Nxe4 21. Nxe4 Bb7 22. f3 bxa3 23. bxa3 Bxe4 24. fxe4 c6 25. Rc5 Re8 
26. e5 Ke7 27. d5 cxd5 28. Rxd5 a4 29. Ra5 Ke6 30. Rxa4 Kxe5 31. Ra7 Kd6 
32. Kf2 Rf8+ 33. Ke3 g6 34. a4 Re8+ 35. Kf3 Kc6 36. a5 Rf8+ 37. Ke2 Kd6 
38. g3 Rb8 39. h4 Rb2+ 40. Kf3 Rb3+ 41. Kf4 Ra3 42. Ra8 Ra4+ 43. Kg5 Ra3 
44. g4 Ra4 45. h5 gxh5 46. gxh5 Kc6 47. h6 Kb7 48. Rh8 Rxa5+ 49. Kf6 Ra6+ 
50. Kg7 Re6 51. Rxh7 Kc7 52. Rh8 Re7+ 53. Kf6 Re6+ 54. Kf7 Kd6 55. Ra8 Rxh6 
56. Ra6+ Ke5 57. Rxh6 d5 58. Rh5+ Ke4 59. Ke6 d4 60. Rh4+ Ke3 61. Kd5 d3 
62. Rh3+ Ke2 63. Ke4 d2 64. Rh2+ Ke1 1/2-1/2